Cogmind - Beta 15 @@@ ROGUE MODE // 2025.07.22 @ 01:57:33 Player: KamenAya Result: Destroyed by Y-45 Defender with Heavy Assault Rifle Performance ------------- Evolutions (2) 1000 Regions Visited (3) 600 Robots Destroyed (47) 235 Value Destroyed (1221) 1221 Prototype IDs (0) 0 Alien Tech Used (0) 0 Bonus (22) 22 TOTAL SCORE: 3078 Bonus ------- High Alert Combat Kills 22 Cogmind --------- Core Integrity 0/550 Matter 78/300 Energy 100/100 System Corruption 0% Temperature Cool (9) Movement Core (50) Location -8/Materials Parts ------- > --- POWER (1) -------- (None) > --- PROPULSION (4) --- (None) > --- UTILITY (3) ------ Visual Processing Unit Transport Network Coupler > --- WEAPON (3) ------- (None) > --- INVENTORY (5) ---- Airjet Peak State ------------ > --- POWER ------------ Light Deuterium Engine > --- PROPULSION ------- Airjet Airjet Airjet Airjet > --- UTILITY ---------- Visual Processing Unit Improved Terrain Scanner Transport Network Coupler > --- WEAPON ----------- High-powered Shotgun Gauss Cannon Gauss Cannon > --- INVENTORY -------- Heavy Assault Rifle Autogun Greatsword [Rating: 33] Favorites ----------- Power Ion Engine Engine Ion Engine Power Core Light Nuclear Core Propulsion Light Treads Treads Light Treads Leg Aluminum Leg Hover Unit Airjet Utility Visual Processing Unit Device Seismic Detector Processor Visual Processing Unit Weapon Light Assault Rifle Energy Gun Medium Laser Ballistic Gun Light Assault Rifle Ballistic Cannon Gauss Cannon Launcher Grenade Launcher Slashing Weapon Greatsword Build | -11 -10 -9 -8 ------- Run | Yrd Mat Mat Mat Slots Evolved 4 | . . 2 2 Power . | . . . . Propulsion 2 | . . 1 1 Utility 1 | . . 1 . Weapon 1 | . . . 1 Parts Attached 36 | 6 8 9 13 Power 4 | 1 1 1 1 Engine 3 | 1 . 1 1 Core 1 | . 1 . . Reactor . | . . . . Propulsion 13 | 2 2 3 6 Treads 5 | 2 . 3 . Leg 2 | . 2 . . Wheel . | . . . . Hover 6 | . . . 6 Flight . | . . . . Utility 5 | . 3 2 . Device 3 | . 2 1 . Storage . | . . . . Processor 2 | . 1 1 . Hackware . | . . . . Protection . | . . . . Artifact . | . . . . Weapon 14 | 3 2 3 6 Energy Gun 2 | 2 . . . Energy Cannon . | . . . . Ballistic Gun 7 | 1 1 2 3 Ballistic Cannon 3 | . . 1 2 Launcher 1 | . 1 . . Special Weapon . | . . . . Impact Weapon . | . . . . Slashing Weapon 1 | . . . 1 Piercing Weapon . | . . . . Special Melee Weapon . | . . . . Unidentified Prototypes . | . . . . Parts Lost 20 | . 3 2 15 Power 3 | . 1 1 1 Propulsion 6 | . . . 6 Utility 3 | . 1 1 1 Weapon 8 | . 1 . 7 Highest Loss Streak 12 | . 3 1 12 To Critical Strikes . | . . . . Average Backups 3 | 1 3 3 3 Power . | . . . . Propulsion . | . . . . Utility . | . 1 . . Weapon 2 | . 2 3 3 Tool/Special . | . . . . Unused Backups 3 | . . 1 2 Power . | . . . . Propulsion 1 | . . . 1 Utility . | . . . . Weapon 2 | . . 1 1 Tool/Special . | . . . . Average Slot Usage (%) 84 | . 85 80 85 Engine 5 | . 7 . 8 Core 2 | . 3 3 . Treads 13 | . 17 16 6 Leg 7 | . 10 11 . Hover 6 | . . . 19 Device 9 | . 13 5 8 Processor 14 | . 4 21 18 Energy Gun 6 | . 12 6 . Ballistic Gun 14 | . 15 12 16 Ballistic Cannon 2 | . . 1 7 Peak Build Rating 33 | 5 10 17 33 Average Rating 12 | 4 6 11 24 On Entrance 8 | . 5 10 17 Naked Turns . | . . . . Heaviest Build 23 | 8 11 11 23 Greatest Support 69 | 40 40 69 69 Greatest Overweight (x) 1 | . 1 . 1 Average Overweight (x) . | . . . . Largest Inventory Capacity 5 | 5 5 5 5 Average Capacity 5 | 5 5 5 5 Most Carried 5 | 5 5 5 5 Average Carried 3 | 1 3 3 4 Final Capacity 5 | 5 5 5 5 Final Carried 5 | 3 5 4 1 Class Distribution -------------------- 51% | Mutant 25% | Skirmisher 23% | Scavenger-Mutant Dominant Class ---------------- Mutant | -10/Materials Mutant | -9/Materials Skirmisher | -8/Materials Resources | -11 -10 -9 -8 ----------- Run | Yrd Mat Mat Mat Matter Collected 1097 | 292 144 204 457 Remotely . | . . . . Salvage Created 1324 | 141 340 170 673 Parts 91 | 7 25 16 43 Haulers Intercepted . | . . . . Recyclers Shooed 3 | 1 1 1 . Parts Field Recycled . | . . . . Retrieved Matter . | . . . . Parts Self-Destructed . | . . . . Prevented . | . . . . Kills | -11 -10 -9 -8 ------- Run | Yrd Mat Mat Mat Combat Hostiles Destroyed 37 | . 10 9 18 Guns 21 | . 7 8 6 Cannons 9 | . . . 9 AOE 7 | . 3 1 3 Classes Destroyed 9 | 2 4 1 2 Worker 2 | . 1 . 1 Tunneler 3 | 3 . . . Recycler 2 | 1 . . 1 Operator 1 | . . . 1 Watcher 2 | . 1 . 1 Swarmer 16 | . 3 7 6 Grunt 17 | . 7 . 10 Duelist 1 | . . . 1 Sentry 3 | . . 2 1 Best Kill Streak 6 | 1 4 4 6 Combat Bots Only 6 | . 3 4 6 Max Kills in Single Turn 3 | 1 2 1 3 Gunslinging 2 | . . . 2 Exploded 2 | . 2 1 1 Melee . | . . . . Uniques/NPCs Destroyed . | . . . . Combat | -11 -10 -9 -8 -------- Run | Yrd Mat Mat Mat Hostile Shots Fired 299 | . 75 68 156 Missed 75 | . 17 19 39 Hits 224 | . 58 49 117 Projectile 224 | . 58 49 117 Critical Strikes 8 | . 1 1 6 Part Disruptions 1 | . . . 1 Damage Taken 2963 | . 711 487 1765 Core 858 | . 158 139 561 Absorbed by Shields . | . . . . Core Remaining (%) 67 | 100 36 65 . Volleys Fired 136 | 32 38 28 38 Largest 3 | 2 2 2 3 Hottest 105 | 70 90 80 105 Shots Fired 270 | 38 76 56 100 Gun 218 | 38 75 47 58 Cannon 42 | . . 4 38 Launcher 10 | . 1 5 4 Special . | . . . . Kinetic 223 | 32 49 46 96 Thermal 28 | 2 21 5 . Explosive 10 | . 1 5 4 Electromagnetic 9 | 4 5 . . Robot Hit Streak 10 | 8 10 6 7 Robot Miss Streak 6 | 3 4 4 6 Penetration Max . | . . . . Secondary Targets 2 | . . . 2 Max Gunslinging Chain 2 | . . . 2 Shots Hit Robots 145 | 27 37 29 52 Core Hits 78 | 8 20 14 36 Critical Kills . | . . . . Critical Parts Destroyed 1 | . . . 1 Critical Strikes 9 | . 2 1 6 Burn 3 | . 2 1 . Destroy 1 | . . . 1 Blast 4 | . . . 4 Sever 1 | . . . 1 Melee Attacks 4 | . . . 4 Impact . | . . . . Slashing 4 | . . . 4 Piercing . | . . . . Sneak Attacks . | . . . . Combat Hostiles . | . . . . Follow-up Attacks . | . . . . Damage Inflicted 2810 | 268 681 436 1425 Guns 1406 | 237 396 294 479 Cannons 607 | . . 49 558 Explosions 700 | 31 285 92 292 Melee 96 | . . . 96 Ramming 1 | . . 1 . Kinetic 1642 | 171 142 292 1037 Thermal 506 | 56 399 51 . Explosive 370 | . 83 92 195 Electromagnetic 195 | 41 57 . 97 Impact . | . . . . Slashing 96 | . . . 96 Piercing . | . . . . Highest Corruption 1 | . 1 . . Average Corruption 1 | . 1 . . Corruption Purged . | . . . . Corruption Blocked . | . . . . Effects 2 | . 2 . . Message Errors 2 | . 2 . . Overload Shots . | . . . . Overflow Damage . | . . . . Projectiles . | . . . . Explosions . | . . . . Melee . | . . . . Knockbacks 6 | . . . 6 Impact . | . . . . Kinetic 6 | . . . 6 Secondary . | . . . . Self-Inflicted Damage 40 | . 8 . 32 Shots 3 | . 1 . 2 Rammed 2 | . . 2 . Targets Rammed 2 | . . 2 . Kicked . | . . . . Crushed . | . . . . Highest Temperature 696 | 40 210 65 696 Average Temperature 124 | 19 49 33 208 Received Heat Transfer 1281 | . 354 90 837 Effects 14 | . . . 14 Shutdowns 1 | . . . 1 Energy Bleed 1 | . . . 1 Interference 3 | . . . 3 Damage (minor) 1 | . . . 1 Damage (major) 8 | . . . 8 Siege Activations . | . . . . Martial Activations . | . . . . Shielding Activations . | . . . . Robots Disrupted . | . . . . Combat Hostiles . | . . . . Robots Corrupted . | . . . . Combat Hostiles . | . . . . Parts Fried . | . . . . Impact Corruptions . | . . . . Robots Melted . | . . . . Combat Hostiles . | . . . . Parts Melted 2 | . 2 . . Heat Transferred 1186 | 74 890 222 . Parts Sabotaged . | . . . . Parts Stolen . | . . . . Parts Stripped . | . . . . Power Chain Reactions 1 | 1 . . . Alert | -11 -10 -9 -8 ------- Run | Yrd Mat Mat Mat Maximum Alert Level 2 | . . . 2 Low Security (%) 86 | 100 100 100 53 Level 1 12 | . . . 45 Level 2 . | . . . 1 Level 3 . | . . . . Level 4 . | . . . . Level 5 . | . . . . High Security . | . . . . Max Security . | . . . . Peak Influence 414 | 5 131 102 414 Initial 44 | . . 44 35 Average 71 | . 50 31 173 Influence Increases 1272 | 20 336 234 682 Destroy 0b10 Robot/C 740 | . 200 180 360 Destroy 0b10 Robot/NC 50 | 20 10 . 20 Destroy Leader 164 | . 52 40 72 Disable Machine 75 | . 15 . 60 Destroy Structure 108 | . 29 14 65 Lose Combat Pursuer 135 | . 30 . 105 Influence Decreases 943 | 20 229 255 439 Entered New Map 114 | . . 63 51 Time Decay 642 | 20 199 185 238 Lost Part 187 | . 30 7 150 Squads Dispatched 7 | . 2 . 5 Investigation . | . . . . Extermination . | . . . . Reinforcement 3 | . 2 . 1 Assault . | . . . . Garrison 4 | . . . 4 Intercept . | . . . . Searches Triggered . | . . . . Construction Impeded . | . . . . Haulers Reinforced . | . . . . Active Scanning Responses . | . . . . Cargo Convoy Interrupts . | . . . . Stealth | -11 -10 -9 -8 --------- Run | Yrd Mat Mat Mat Distress Signals 6 | . 4 . 2 Communications Jammed . | . . . . Distress Signals . | . . . . Times Spotted 63 | . 17 12 34 Peak Tracking Total 8 | . 5 4 8 Tactical Retreats 7 | . 2 . 5 Traps | -11 -10 -9 -8 ------- Run | Yrd Mat Mat Mat Traps Triggered . | . . . . Indirectly . | . . . . Trap Hack Attempts . | . . . . Triggered . | . . . . Disarmed . | . . . . Reprogrammed . | . . . . Reused . | . . . . Traps Extracted . | . . . . Installed . | . . . . Triggered . | . . . . Machines | -11 -10 -9 -8 ---------- Run | Yrd Mat Mat Mat Machines Disabled 5 | . 1 . 4 Max in Single Turn 2 | . 1 . 2 Machines Repaired . | . . . . Machines Dismantled . | . . . . Machines Sabotaged . | . . . . Overloaded Fab Kills . | . . . . Hacking | -11 -10 -9 -8 --------- Run | Yrd Mat Mat Mat Machines Accessed 3 | . 2 . 1 Terminals 1 | . 1 . . Fabricators . | . . . . Repair Stations . | . . . . Recycling Units 2 | . 1 . 1 Scanalyzers . | . . . . Garrison Access . | . . . . Total Hacks 6 | . 5 . 1 Successful 4 | . 3 . 1 Failed 2 | . 2 . . Catastrophic . | . . . . Database Lockouts . | . . . . Manual . | . . . . Terminals 1 | . 1 . . Fabricators . | . . . . Repair Stations . | . . . . Recycling Units 5 | . 4 . 1 Scanalyzers . | . . . . Garrison Access . | . . . . Terminal Hacks 1 | . 1 . . Record 1 | . 1 . . Fabricator Hacks . | . . . . Repair Station Hacks . | . . . . Recycling Unit Hacks 3 | . 2 . 1 Report Inventory 2 | . 1 . 1 Retrieve Components 1 | . 1 . . Scanalyzer . | . . . . Garrison Access Hacks . | . . . . Unauthorized Hacks . | . . . . Terminals . | . . . . Fabricators . | . . . . Repair Stations . | . . . . Recycling Units . | . . . . Scanalyzers . | . . . . Garrison Access . | . . . . Data Cores Recovered . | . . . . Used . | . . . . Hacking Detections 1 | . 1 . . Full Trace Events 1 | . 1 . . Feedback Events 1 | . 1 . . Corruption 1 | . 1 . . Feedback Blocked . | . . . . Robot Schematics Acquired . | . . . . Robots Built . | . . . . Authchips . | . . . . Time . | . . . . Total Robot Build Rating . | . . . . Part Schematics Acquired . | . . . . Parts Built . | . . . . Authchips . | . . . . Time . | . . . . Total Part Build Rating . | . . . . Parts Repaired . | . . . . Time . | . . . . Parts Recycled . | . . . . Recycled Matter . | . . . . Retrieved Matter . | . . . . Retrieved Components 1 | . 1 . . Parts Scanalyzed . | . . . . Part Schematics Acquired . | . . . . Parts Damaged . | . . . . Bothacking | -11 -10 -9 -8 ------------ Run | Yrd Mat Mat Mat Used RIF Installer . | . . . . Robots Hacked . | . . . . Non-combat . | . . . . Combat . | . . . . Robot Hacks Applied . | . . . . Relay Couplers Released . | . . . . Fabnet Peak Effective % . | . . . . Robots Rewired . | . . . . Allies Hacked . | . . . . Hacks Repelled . | . . . . Allies | -11 -10 -9 -8 -------- Run | Yrd Mat Mat Mat Total Allies . | . . . . Largest Group . | . . . . Highest-Rated Group . | . . . . Highest-Rated Ally . | . . . . Total Orders . | . . . . Ally Attacks . | . . . . Total Damage . | . . . . Kills . | . . . . Allies Corrupted . | . . . . Allies Melted . | . . . . Intel | -11 -10 -9 -8 ------- Run | Yrd Mat Mat Mat Active Infowar (turns) 1256 | . 309 454 493 Optics 947 | . . 454 493 Terrain 508 | . . 39 469 Seismic 493 | . 309 184 . T.N.C. 930 | . . 443 487 Robot Analysis Total . | . . . . Derelict Logs Recovered . | . . . . Drone Launches . | . . . . Drone Recoveries . | . . . . Exploration | -11 -10 -9 -8 ------------- Run | Yrd Mat Mat Mat Turns Passed 1827 | 314 546 454 513 Spaces Moved 971 | 94 264 235 378 Core 67 | 9 24 . 34 Treads 379 | 85 144 99 51 Legs 232 | . 96 136 . Wheels . | . . . . Hover 293 | . . . 293 Flight . | . . . . Fastest Speed 48 | 50 100 120 48 Average Speed 116 | 149 140 136 78 Slowest Speed 160 | 160 160 160 160 Overloaded Moves . | . . . . Propulsion Burnouts . | . . . . Robots Hopped . | . . . . Potential Cave-ins . | . . . . Cave-ins Triggered . | . . . . Exploration Rate (%) 19 | 6 29 14 30 Regions Visited 3 Branch Regions . Pre-discovered Areas . | . . . . Known Exits Taken . | . . . . Unknown Exits Taken 3 | 1 1 1 . Scrap Searched . | . . . . Spaces Dug . | . . . . Terrain Destroyed 110 | . 31 12 67 Melee . | . . . . Projectile 25 | . . . 25 AOE 85 | . 31 12 42 Terrain Rammed . | . . . . Walls Destroyed . | . . . . Machines Disabled . | . . . . Actions | -11 -10 -9 -8 --------- Run | Yrd Mat Mat Mat Total 1432 | 236 372 314 510 Wait 235 | 97 53 26 59 Move 968 | 93 263 234 378 Hop . | . . . . Pick Up 27 | 8 6 7 6 Fast Attach 10 | . 3 2 5 Attach 19 | 5 4 4 6 Detach . | . . . . Swap 15 | 1 3 5 6 Drop 16 | . 2 6 8 Fire 136 | 32 38 28 38 Melee 4 | . . . 4 Ram . | . . . . Kick . | . . . . Crush 2 | . . 2 . Escape Stasis . | . . . . Rewire . | . . . . Trap . | . . . . Miscellaneous . | . . . . Route ------- -11/Scrapyard -10/Materials -9/Materials (discovered 2 exits: *Mat / [*Min]) -8/Materials (discovered 1 exit: [*Fac]) History --------- Turn | Location | Event 7 | -11/Scrapyard | Discovered new exit (range 15) 315 | -11/Scrapyard | Entered Materials 336 | -10/Materials | Build established: Mutant 581 | -10/Materials | Discovered new exit (range 15) 632 | -10/Materials | Core integrity fell below 50% 656 | -10/Materials | Lost 3 parts (1p1u1w) 861 | -10/Materials | Entered another Materials area 861 | -9/Materials | Evolved 2 slots: Propulsion x1, Utility x1 897 | -9/Materials | Discovered new exit (range 17) 949 | -9/Materials | Build established: Scavenger-Mutant 1297 | -9/Materials | Discovered new exit (range 11) 1315 | -9/Materials | Entered another Materials area 1315 | -8/Materials | Evolved 2 slots: Propulsion x1, Weapon x1 1437 | -8/Materials | Garrison activated, responded to threat 1537 | -8/Materials | Garrison activated, responded to threat 1586 | -8/Materials | Discovered new exit (range 15) 1629 | -8/Materials | Build established: Skirmisher 1630 | -8/Materials | Lost 3 parts (2n1w) 1792 | -8/Materials | Core integrity fell below 50% 1815 | -8/Materials | Core integrity fell below 20% 1828 | -8/Materials | Destroyed by Y-45 Defender with Heavy Assault Rifle Last Messages --------------- 01800_ R-06 Scavenger collects Lgt. Ion Engine. 01800_ U-05 Engineer lays Concrete. 01800_ Critical hit (Burn: +37). 01802_ K-01 Serf collects debris. 01802_ Greatsword destroyed. 01802_ U-05 Engineer builds a Wall. 01803_ R-06 Scavenger collects Aluminum Leg. 01806_ R-06 Scavenger collects Sml. Matter Pod. 01806_ R-06 Scavenger collects Carbon-fiber Leg. 01806_ K-01 Serf collects debris. 01807_ U-05 Engineer builds a Wall. 01809_ R-06 Scavenger collects Aluminum Leg. 01809_ Hpw. Shotgun destroyed. 01810_ K-01 Serf collects debris. 01811_ Critical hit (Burn: +37). 01812_ U-05 Engineer builds a Wall. 01813_ Hvy. Assault Rifle destroyed. 01815_ Critical hit (Burn: +37). 01816_ U-05 Engineer lays Concrete. 01817_ U-05 Engineer builds a Wall. Map ----- +----------------------------------------------------+ | ?????????????????????????????????????????????????? | | ?????????????????????????????????????????????????? | | ?????????????????????????????a???????????????????? | | ?????????????????????????????????????????????????? | | ?????????????????????????????????????????????????? | | ???????????????????????? ??????????????????????? | | ???????????????????????# ??????????????????????? | | ??????????????????????? ??????????????????????? | | ??????????????????????? a?????????????????????? | | ??????????????????????? #????? ???????????????? | | ???????????????????????# #?????????????????????? | | ???????????????????????# #????? ???????????????? | | ?????????????????????? # k#???#?????????????????? | | ???????????????#???????# #?????????????????????? | | ???????????????????????# #???????#???#?????????? | | ???????????????????????# #??????#?????????#????? | | #######???????#????????# k#?????????????????????? | | #???????????#????# #????????#??#?????????? | | ##??????????#????# ##???#???#????????????? | | #????????????????#Y ##?#??????????????????? | | #???????????? ?### ##????????????????????? | | #??????????????# #k ####??????????????#??? | | ##################Y ######?????#######??#?? | | + ######* ##???? | | # +% " #????? | | ##+#### @ ######["G" #????? | | ########### #??#?# " " #???? | | #???#?##### #?????? #?#??? | | [ #?????????# #????#? !#???#? | | [ ########### #???????#?# #??####/########## | | #???###???# #?????????# #??# | | #???##?#??# #???????#?# #??# !% | | #??###?##?# ##????????# #??# [%* | | "" #?## # ## #???#?#???# #??# #### *%=## | | "" ### # #??#??????# #??# ##* %[" | | "" # # #???????#?# #??# ## !* | | # "" #% #?????????# #### #"! = | | # "Y[ # #??#?#????# ## [ # | | # # "" # ####??????# /=! # | | # + # """####?### ## # | | # # [ ! # " ] !#???####+######## / | | # # # " #????? ??????# """ " | | # # # %%#=% #???? #?????# """ #" | | # ####### "# %+% * =# ? ?????# """ # | | # #?????????# !# %[#??= ##????# # | | # #??##???#?# %="[% #?[= """ #??#??#"####### | | # ########### #[[ # """ #????? ??????? | | # #"""### """ #??#?? ??????? | | + ####### #????# ??????? | | # #?????###########????# ??????? | +----------------------------------------------------+ Best States ------------- Heat Dissipation 31 Energy Generation 14 Energy Capacity 250 Matter Stores 300 Matter Capacity 300 Sight Range 18 Terrain Scan Range 16 Terrain Scan Density 10 Evasion (%) 55 Recoil Reduction 3 Item Schematics ----------------- None Robot Schematics ------------------ None Fabricated ------------ Nothing Repaired ---------- Nothing Alien Tech Used ----------------- None Achievements -------------- Gunslinger Challenges ------------ None Game ------ Seed FireCargoRipper Manual? 0 Play Time 00:23:33 Cumulative 11.9 hours Start 2025.07.22 @ 00:54:08 End 2025.07.22 @ 01:57:33 Sessions 1 Manual Loads 0 Difficulty Rogue Special Mode None Game No. 24 Rogue 24 Adventurer 0 Explorer 0 Win Type - Total 0 Types 0/0/0/0/0/0/0/0/0/0 Lore% 5 Gallery% 18 Achievement% 17 Wizard Run 0 Options --------- Layout 1 ASCII 0 Keyboard 0 Movement Mouse Keybinds 0 Fullscreen 2 Font 24/Smallcaps Map View 50x35 Zoom Use 0% Tactical HUD 1 Map Filters NONE Filters NONE Steam 1 RUN: 04fb7657-b12e-42f1-9f81-f5c122a2fbb7